 Dungeon Crawl Stone Soup version 0.24.0-1-gfbc8707122 (webtiles) character file.

Game seed: 3146510360909729109, levelgen mode: deterministic

1491 Froggeryz the Carver (level 8, 0/96 HPs)
             Began as a Barachi Berserker on Oct 26, 2019.
             Was an Elder of Trog.
             Slain by a wight
             ... wielding a +3 hand axe
              (1 damage)
             ... on level 6 of the Dungeon on Oct 27, 2019.
             The game lasted 00:11:40 (5758 turns).

Froggeryz the Carver (Barachi Berserker)            Turns: 5758, Time: 00:11:40

Health: 0/96       AC:  6    Str: 24    XL:     8   Next: 80%
Magic:  8/8        EV: 12    Int:  7    God:    Trog [****..]
Gold:   271        SH:  0    Dex: 14    Spells: 7/7 levels left

rFire    . . .     SeeInvis +   a - +1 falchion
rCold    . . .     Gourm    .   (no shield)
rNeg     + . .     Faith    .   b - +0 animal skin
rPois    .         Spirit   .   l - +0 helmet
rElec    .         Reflect  .   q - +0 cloak
rCorr    .         Harm     .   (no gloves)
MR       .....                  e - +1 pair of boots
Stlth    ..........             (no amulet)
HPRegen  0.26/turn              v - ring of see invisible
MPRegen  0.11/turn              n - ring of positive energy

@: berserking (expiring), lightly drained, very quick
A: +LOS, swims, slowness 1, strong legs 1
a: Hop, Berserk, Trog's Hand, Brothers in Arms, Renounce Religion


You were on level 6 of the Dungeon.
You worshipped Trog.
Trog was greatly pleased with you.
You were very hungry.

You visited 1 branch of the dungeon, and saw 6 of its levels.
You also visited: Sewer.

You collected 271 gold pieces.

Inventory:

Hand Weapons
 a - a +1 falchion (weapon)
Armour
 b - a +0 animal skin (worn)
 e - a +1 pair of boots (worn)
 l - a +0 helmet (worn)
 q - a +0 cloak (worn)
Jewellery
 n - a ring of positive energy (right hand)
 v - a ring of see invisible (left hand)
Wands
 m - a wand of disintegration (2)
Scrolls
 d - 7 scrolls of identify
 o - a scroll of remove curse
 t - a scroll of enchant weapon
Potions
 f - 2 potions of might
 g - 2 potions of brilliance
 h - 5 potions of heal wounds
 i - a potion of agility {unknown}
 j - 3 potions of curing {unknown}
 k - a potion of berserk rage {unknown}
 p - 2 potions of lignification {unknown}
 r - a potion of flight {unknown}
Comestibles
 c - 13 rations


   Skills:
 - Level 6.1(5.7) Fighting
 * Level 12.0(11.5) Long Blades
 - Level 2.4(2.0) Armour
 - Level 2.1(1.8) Dodging


You had 7 spell levels left.
You didn't know any spells.
Your spell library was empty.

Dungeon Overview and Level Annotations

Branches:
Dungeon (6/15)             Temple (0/1) D:5           Sewer (visited)

Altars:
Dithmenos
Fedhas
Gozag
Hepliaklqana
Makhleb
Qazlal
Sif Muna
Uskayaw
Vehumet
Wu Jian
Xom
The Shining One

Annotations:
D:6 Prince Ribbit


Innate Abilities, Weirdness & Mutations

Shadows flee at your approach. (+LOS)
You can swim through water.
You cover ground slowly.
You can hop short distances.


Message History

The crimson imp shouts, "Leave, thou pribbling crook-pated brigand!"
The crimson imp barely misses you.
You riposte.
You hit the crimson imp.
The crimson imp is heavily wounded.
The wight hits you with a +0 halberd.
* * * LOW HITPOINT WARNING * * *
You partially resist.
You feel drained.
* * * LOW HITPOINT WARNING * * *
Items here: )) [ † a +3 war axe; a +0 robe; a +0 club; an orc corpse You hit the wight.
The wight is lightly damaged.
Unknown command.
You slash the wight!
You destroy the wight!
Trog accepts your kill.
Your base Long Blades skill increases to level 12!
The crimson imp misses you. The wight hits you with a +3 hand axe!
* * * LOW HITPOINT WARNING * * *
You partially resist.
You feel drained.
You die...

...... .....#
......# ......
....#
######....#
###)........#
+.....)z....#
#....@).F..#..
#
#...5)........
#
#....#######..
# ###.!# #
#..# # #..# #
#..# # #..# #
#..#


You could see a bullfrog, a wight and a crimson imp.

Vanquished Creatures
  3 ogres
  3 centaurs
  2 big kobolds (Sewer)
  2 scorpions (D:5)
  3 wights (D:6)
  A howler monkey (D:5)
  3 crimson imps
  3 hounds
  An orc priest (D:6)
  A bullfrog skeleton (D:5)
  2 orc wizards (D:3)
  A worker ant (D:5)
  2 hound skeletons (D:4)
  A gnoll (D:1)
  2 river rats (D:3)
  5 adders
  2 oozes
  An adder skeleton (D:6)
  A worm (D:2)
  3 dart slugs (D:1)
  11 leopard geckos
  14 orcs
  A ball python (Sewer)
  7 giant cockroaches
  19 goblins
  6 hobgoblins
  11 jackals
  16 kobolds
  5 quokkas
  A ball python skeleton (D:4)
  15 bats
  9 frilled lizards
  10 rats
167 creatures vanquished.

Notes
Turn   | Place    | Note
-------+----------+-------------------------------------------
     0 | D:1      | Froggeryz the Barachi Berserker began the quest for the
                  | Orb.
     0 | D:1      | Reached XP level 1. HP: 18/18 MP: 1/1
   197 | D:1      | Reached skill level 4 in Long Blades
   321 | D:1      | Reached XP level 2. HP: 24/25 MP: 2/2
   401 | D:1      | Reached XP level 3. HP: 5/30 MP: 3/3
   923 | D:1      | Reached skill level 5 in Long Blades
  1391 | D:2      | Reached XP level 4. HP: 37/38 MP: 4/4
  1433 | D:2      | Reached ** piety under Trog
  1463 | D:2      | Found a shadowy altar of Dithmenos.
  1472 | D:2      | Found a burning altar of Makhleb.
  1472 | D:2      | Found a glowing golden altar of the Shining One.
  1482 | D:2      | Found a shimmering blue altar of Sif Muna.
  1487 | D:2      | Found a radiant altar of Vehumet.
  1487 | D:2      | Found a hide-covered altar of Uskayaw.
  1867 | D:2      | Found an opulent altar of Gozag.
  1958 | D:2      | You fall into a shaft and drop 2 floors!
  2075 | D:3      | Reached XP level 5. HP: 23/43 MP: 5/5
  2085 | D:3      | Reached skill level 6 in Long Blades
  2207 | D:3      | Reached skill level 5 in Fighting
  2262 | D:3      | Found a blossoming altar of Fedhas.
  2318 | D:3      | Found a glowing drain.
  2323 | D:3      | Reached *** piety under Trog
  2328 | Sewer    | Entered a sewer
  2345 | Sewer    | Noticed a big kobold
  2356 | Sewer    | Killed a big kobold
  2356 | Sewer    | Reached XP level 6. HP: 51/51 MP: 6/6
  2451 | Sewer    | Reached skill level 7 in Long Blades
  2898 | D:3      | Found a shadowy altar of Dithmenos.
  2919 | D:3      | Reached XP level 7. HP: 38/58 MP: 7/7
  2959 | D:3      | Reached **** piety under Trog
  3887 | D:4      | Reached skill level 8 in Long Blades
  4020 | D:4      | Found a hazy altar of Hepliaklqana.
  4221 | D:4      | Reached skill level 9 in Long Blades
  4335 | D:5      | Entered Level 5 of the Dungeon
  4390 | D:5      | Found a staircase to the Ecumenical Temple.
  4498 | D:5      | Reached XP level 8. HP: 58/64 MP: 8/8
  4521 | D:5      | Reached skill level 10 in Long Blades
  4843 | D:5      | Reached skill level 11 in Long Blades
  5123 | D:5      | Found a stormy altar of Qazlal.
  5264 | D:5      | Found an ornate altar of the Wu Jian Council.
  5437 | D:6      | Noticed Prince Ribbit
  5566 | D:6      | Found a shimmering altar of Xom.
  5572 | D:6      | Found a shimmering altar of Xom.
  5573 | D:6      | Found a shimmering altar of Xom.
  5575 | D:6      | Found a shimmering altar of Xom.
  5758 | D:6      | Reached skill level 12 in Long Blades
  5758 | D:6      | HP: 1/96 [wight/+3 hand axe (9)]
  5758 | D:6      | Slain by a wight

Levels and vault maps discovered:
D:1:      matt_arrival_diagonals, layout_basic
D:2:      layout_basic, grunt_temple_overflow_open
D:3:      layout_loops_corners, fedhas_altar_3, cheibrodos_sewer_entry_sluice,
          nicolae_dithmenos_shadow_blocks
D:4:      layout_rooms, kennysheep_mini_moat, corner_web_ring,
          grunt_ministairs_2, minmay_ogre_servants
D:5:      layout_loops_ring, kennysheep_little_box,
          minmay_temple_entry_gardened_gates, first_ration,
          minmay_misc_feat_rows, minmay_misc_feat_columns,
          nicolae_qazlal_general_emergency
D:6:      layout_basic, basic_altar, xom_redecorated, uniq_prince_ribbit1

Skill      XL: |  1  2  3  4  5  6  7  8 |
---------------+-------------------------+-----
Long Blades    | 4 5 6 7 9 12 | 12.0
Fighting       | 4 5 6 |  6.1
Armour         | |  2.4
Dodging        | |  2.1

Action                   |  1- 3 |  4- 6 |  7- 9 || total
-------------------------+-------+-------+-------++-------
Melee: Falchion          |   113 |   222 |   214 ||   549
Invok: Berserk           |     1 |     5 |     4 ||    10
Evoke: Wand              |       |       |     1 ||     1
  Use: Scroll            |       |     4 |     4 ||     8
       Potion            |       |     4 |       ||     4
 Stab: Sleeping          |     1 |     3 |     2 ||     6
       Invisible         |       |     1 |       ||     1
  Eat: Chunk             |     3 |     7 |    12 ||    22
       Ration            |       |     1 |       ||     1
Armor: Animal skin       |    37 |    85 |    56 ||   178
Dodge: Dodged            |    79 |   187 |   121 ||   387
       Rpst.: Falchion   |    14 |    61 |    45 ||   120
